AoeStats
← taksuparth

Black Forest

505381328Analyzed
1v1 RM · 25d ago on Sep 9, 2026· 31m 57s· 2 players
Game mode
Random Map
Map size
Tiny (2 player)
Population
200
Speed
Normal
Resources
Standard
Victory
Conquest
Starting age
Dark Age
Ending age
Imperial Age
RankedLock teamsTeams togetherTeam positionsShared explorationLock speedFull tech treeHidden civsTurbo modeCheats
Victory
Defeat
🇨🇳 Slavs · China
780
+15
🇮🇳 Franks · India
757
-15
taksuparth
3:54 Loom
13:34 Feudal Age
14:03 Double-Bit Axe
14:22 Gold Mining
19:24 Castle Age
17:31 Stone Mining
19:23 Wheelbarrow
19:38 Forging
19:36 Scale Barding Armor
21:46 Iron Casting
21:31 Chain Barding Armor
25:46 Wheelbarrow
26:59 Ballistics
28:52 Fletching
30:22 Gold Shaft Mining
30:10 Bow Saw
30:16 Town Watch
30:49 Murder Holes
31:05 Masonry
31:26 Bodkin Arrow
31:32 Padded Archer Armor
不要打我哦
2:32 Loom
12:50 Feudal Age
14:03 Double-Bit Axe
20:13 Castle Age
18:20 Stone Mining
19:02 Gold Mining
20:12 Fletching
22:05 Pikeman
23:56 Squires
29:52 Imperial Age
29:23 Gold Shaft Mining
29:45 Scale Mail Armor
31:21 Bow Saw
30:56 Horse Collar
31:05 Horse Collar
31:36 Elite Skirmisher
31:46 Halberdier
Connection lost

Rejoining the realm…

Still unreachable

The connection could not be restored.

Session expired

The server has moved on; the page needs a fresh start.